cohdb
Replays
Latest Replays
All Replays
Popular Replays
Top Player Replays
Match Explorer
How It Works
Community
CoH3 Stats
Reddit
Sign in to upload your games and track your stats! →
Sign in with Steam
Match 35300993
Unlisted
Match 35300993
Overview
Messages
Build Orders
End
Construct Infanterie Kompanie
Selects Breakthrough Battlegroup
Selects Assault Grenadiers
MG 42 Machine Gun Team
Grenadier Squad
Kettenkrad Recon Vehicle
Construct Luftwaffe Kompanie
Selects Breakthrough
Jäger Squad
Jäger Squad
Jäger Squad
Construct Panzergrenadier Kompanie
Jäger Squad
251 Medium Carrier
Selects 2.5-tonne Cargo Truck
Selects Mechanized Assault Group
Mechanized Assault Group
Panzergrenadier Squad
KuplinoV_Play
Liberator4515
Steven Codmouth
Harold Fishlips
0
0
Comments
sign in to comment!
No comments posted yet!